 Dungeon Crawl Stone Soup version 0.19-a0-1903-gead39cf (webtiles) character file.

1927 Firecrotchwizard the Basher (level 8, -21/67 HPs)
             Began as a Minotaur Berserker on Oct 20, 2016.
             Was a Priest of Trog.
             Demolished by a white ugly thing (36 damage)
             ... on level 6 of the Dungeon.
             The game lasted 00:23:14 (6058 turns).

Firecrotchwizard the Basher (Minotaur Berserker)    Turns: 6058, Time: 00:23:17

Health: -21/67     AC: 11    Str: 27    XL:     8   Next: 96%
Magic:  7/7        EV:  9    Int:  4    God:    Trog [***...]
Gold:   268        SH:  4    Dex: 12    Spells: 0 memorised, 7 levels left

rFire  + . .     SeeInvis .     E - +0 flail
rCold  x . .     Gourm    +     G - +0 chain mail
rNeg   + . .     Faith    .     z - +0 buckler
rPois  .         Spirit   .     (helmet restricted)
rElec  .         Reflect  .     t - +1 cloak
rCorr  +         Harm     .     (no gloves)
MR     ++...                    (no boots)
Stlth  ..........               I - amulet of the gourmand
                                J - ring "Idoneil" {rCorr rF+ rC- Str+5}
                                n - ring of positive energy

@: regenerating
A: retaliatory headbutt, horns 2
a: Berserk, Trog's Hand, Burn Spellbooks, Renounce Religion


You were on level 6 of the Dungeon.
You worshipped Trog.
Trog was most pleased with you.
You were very full.

You visited 1 branch of the dungeon, and saw 6 of its levels.
You also visited: Sewer.

You collected 268 gold pieces.

Inventory:

Hand Weapons
 a - a +0 mace
 s - a +3 quarterstaff of chaos
 E - a +0 flail (weapon)
Armour
 b - a +0 animal skin
 e - a +0 leather armour
 f - a +0 ring mail
 t - a +1 cloak (worn)
 z - a +0 buckler (worn)
 G - a +0 chain mail (worn)
 K - the +1 robe of Resonance {*Corrode Regen+ Str+6}
   (You found it on level 5 of the Dungeon)

   It affects your strength (+6).
   It increases your rate of regeneration.
   It may corrode you when you take damage.
Jewellery
 n - a ring of positive energy (left hand)
 y - an uncursed ring of fire
 I - an amulet of the gourmand (around neck)
 J - the ring "Idoneil" (right hand) {rCorr rF+ rC- Str+5}
   (You found it on level 5 of the Dungeon)

   [ring of resist corrosion]

   It affects your strength (+5).
   It protects you from fire.
   It makes you vulnerable to cold.
 O - an uncursed ring of resist corrosion {unknown}
Wands
 l - a wand of flame (48/48)
 r - a wand of slowing (15/48)
 L - a wand of flame (17/48)
Scrolls
 d - a scroll of recharging
 j - 3 scrolls of identify
 k - 2 scrolls of fog
 q - 2 scrolls of remove curse
 v - 2 scrolls of fear {unknown}
 w - a scroll of enchant weapon {unknown}
 A - 2 scrolls of enchant armour {unknown}
 B - 2 scrolls of amnesia {unknown}
 H - 3 scrolls of teleportation {unknown}
 N - a scroll of noise {unknown}
 P - a scroll of blinking
Potions
 g - 3 potions of mutation {unknown}
 h - a potion of degeneration {unknown}
 i - 2 potions of agility {unknown}
 m - a potion of ambrosia {unknown}
 o - 9 potions of curing {unknown}
 p - 3 potions of heal wounds {unknown}
 u - 2 potions of might {unknown}
 x - a potion of invisibility {unknown}
 C - a potion of haste {unknown}
 D - 2 potions of lignification {unknown}
 F - a potion of berserk rage {unknown}
 M - a potion of magic {unknown}
Comestibles
 c - 5 bread rations
 Q - a slice of pizza


   Skills:
 + Level 4.7 Fighting
 + Level 12.7 Maces & Flails
 + Level 4.3 Armour
 + Level 2.5 Dodging
 - Level 1.0 Stealth
 + Level 2.0 Shields


You had 7 spell levels left.
You didn't know any spells.

Dungeon Overview and Level Annotations

Branches:
Dungeon (6/15)             Temple (0/1) D:5

Altars:

Shops:
D:4 %


Innate Abilities, Weirdness & Mutations

You reflexively headbutt those who attack you in melee.
You have a pair of horns on your head.


Message History

The adder zombie bites you but does no damage.
You bludgeon the adder zombie!!
You destroy the adder zombie!
Trog accepts your kill.
You can now call in reinforcements.
Press: ? - help, v - describe, . - travel
Here: a white ugly thing The floor, spattered with blood.
Your skin crawls.
You feel resistant to hostile enchantments.
You can no longer call in reinforcements.
The white ugly thing gores you. The white ugly thing freezes you!!!
You feel a terrible chill!
Ouch! That really hurt!
You barely miss the white ugly thing. You headbutt the white ugly thing.
The white ugly thing is lightly wounded.
The white ugly thing gores you!
* * * LOW HITPOINT WARNING * * *
The white ugly thing freezes you!!!
You feel a terrible chill!
Ouch! That really hurt!
You die...

##.## #.....#.#
#..# #.....#.#
##.# ###'###.#
#.# #.###.#
#.#### #..##.#
#....## ##.##.#
##[#..######.##.#
#.##.....##.##.#
#.#####@###.##.#
#.# #u#
#.##.#########
#.# .#.
#.##.........#
#.# .#
###.#########.##
#.# #. #.# #.# #
#.# #.# #.# #.#
##.# #.#
#..#########.#


You could see a white ugly thing.

Vanquished Creatures
  The ghost of quoriil the Bolt Thrower, an amateur KoHu of Hepliaklqana (D:4)
  Duvessa (D:5)
  The ghost of Vycre the Magician, an amateur VSWz (Sewer)
  An orc warrior (D:6)
  A black bear (D:6)
  Purgy (Sewer)
  A necrophage (D:6)
  3 ogres
  A centaur (D:6)
  Blork the orc (D:5)
  2 bullfrogs
  Dowan (D:5)
  A scorpion (D:5)
  2 orc priests (D:4)
  A hound (D:5)
  A jelly (D:6)
  Crazy Yiuf (D:2)
  An orc wizard (D:3)
  Natasha (thrice) (D:2)
  An iguana (D:5)
  2 worker ants (D:4)
  A worker ant zombie (D:3)
  Robin (D:2)
  8 adders
  4 gnolls (D:4)
  An adder zombie (D:6)
  An adder skeleton (D:4)
  3 worms
  A dart slug (D:2)
  4 leopard geckos
  15 orcs
  3 ball pythons (Sewer)
  6 bats
  6 giant cockroaches
  16 goblins
  4 hobgoblins
  3 quokkas
  7 frilled lizards
  7 kobolds
  11 rats
130 creatures vanquished.

Notes
Turn   | Place    | Note
-------+----------+-------------------------------------------
     0 | D:1      | Firecrotchwizard the Minotaur Berserker began the quest for the Orb.
     0 | D:1      | Reached XP level 1. HP: 19/19 MP: 0/0
   134 | D:1      | Reached skill level 4 in Maces & Flails
   134 | D:1      | Reached XP level 2. HP: 15/27 MP: 1/1
  1038 | D:2      | Reached XP level 3. HP: 8/33 MP: 2/2
  1358 | D:2      | Reached skill level 5 in Maces & Flails
  1419 | D:2      | Noticed Robin
  1425 | D:2      | Reached ** piety under Trog
  1427 | D:2      | Noticed Natasha
  1436 | D:2      | Killed Robin
  1437 | D:2      | Killed Natasha
  1437 | D:2      | Reached XP level 4. HP: 32/40 MP: 3/3
  1447 | D:2      | Noticed Natasha
  1454 | D:2      | Killed Natasha
  1454 | D:2      | Reached skill level 6 in Maces & Flails
  1555 | D:2      | Noticed Natasha
  1560 | D:2      | Killed Natasha
  1560 | D:2      | Reached XP level 5. HP: 23/46 MP: 4/4
  2344 | D:2      | Found a runed door.
  2348 | D:2      | Noticed Crazy Yiuf
  2357 | D:2      | Killed Crazy Yiuf
  2357 | D:2      | Reached skill level 7 in Maces & Flails
  2634 | D:3      | Found a glowing drain.
  2648 | Sewer    | Entered a sewer
  2648 | Sewer    | Noticed Vycre's ghost (amateur VSWz)
  2654 | Sewer    | Killed Vycre's ghost
  2654 | Sewer    | Reached skill level 8 in Maces & Flails
  2654 | Sewer    | Reached XP level 6. HP: 36/52 MP: 5/5
  2690 | Sewer    | Noticed Purgy
  2701 | Sewer    | Killed Purgy
  2701 | Sewer    | Reached skill level 1 in Stealth
  3024 | D:3      | Reached *** piety under Trog
  3079 | D:3      | Reached skill level 9 in Maces & Flails
  3440 | D:4      | Noticed quoriil's ghost (amateur KoHu)
  3445 | D:4      | Killed quoriil's ghost
  3445 | D:4      | Reached XP level 7. HP: 58/58 MP: 6/6
  3635 | D:4      | Found Vihyf's Food Emporium.
  3666 | D:4      | Reached skill level 10 in Maces & Flails
  4219 | D:4      | Reached skill level 11 in Maces & Flails
  4304 | D:4      | Reached XP level 8. HP: 66/66 MP: 7/7
  4763 | D:5      | Entered Level 5 of the Dungeon
  4795 | D:5      | Got a scorched pewter ring
  4797 | D:5      | Identified the ring "Idoneil" {rCorr rF+ rC- Str+5} (You found it on level 5 of the Dungeon)
  4825 | D:5      | Got a warped robe
  4836 | D:5      | Noticed Dowan
  4837 | D:5      | Noticed Duvessa
  4851 | D:5      | Killed Duvessa
  4858 | D:5      | Killed Dowan
  4858 | D:5      | Reached skill level 1 in Shields
  4862 | D:5      | Identified the +1 robe of Resonance {*Corrode Regen+ Str+6} (You found it on level 5 of the Dungeon)
  5175 | D:5      | Noticed Blork the orc
  5184 | D:5      | Killed Blork the orc
  5184 | D:5      | Reached skill level 12 in Maces & Flails
  5289 | D:5      | Found a staircase to the Ecumenical Temple.
  6050 | D:6      | Noticed a white ugly thing
  6056 | D:6      | Reached **** piety under Trog
  6058 | D:6      | Demolished by a white ugly thing

Vault maps used:
D:1:      lightli_arrival_boilingwater, hangedman_decor_growths
D:2:      uniq_crazy_yiuf_cottage, uniq_robin, uniq_natasha
D:3:      first_bread, portal_sewer_entry_a, corexii_corridor_pit
D:4:      serial_shops, shop, bh_walls_and_bars
D:5:      uniq_blork_the_orc, uniq_duvessa
D:6:      minmay_cornered_nines
Sewer:    sewer_co_purgy_island

Skill      XL: |  1  2  3  4  5  6  7  8 |
---------------+-------------------------+-----
Maces & Flails | 4 5 6 8 9 11 12 | 12.7
Stealth        | 1 |  1.0
Shields        | 2 |  2.0
Fighting       | 4 |  4.7
Armour         | 4 |  4.3
Dodging        | |  2.5

Action                   |  1- 3 |  4- 6 |  7- 9 || total
-------------------------+-------+-------+-------++-------
Melee: Mace              |    63 |   118 |    63 ||   244
       Headbutt          |     1 |    21 |    36 ||    58
       Flail             |       |       |    84 ||    84
Invok: Berserk           |     1 |     1 |       ||     2
       Trog's Hand       |     1 |       |     2 ||     3
  Use: Scroll            |       |     4 |     1 ||     5
  Eat: Chunk             |     1 |     3 |    14 ||    18
       Meat ration       |       |     1 |       ||     1
       Bread ration      |       |       |     1 ||     1
Armor: Animal skin       |     2 |       |       ||     2
       Ring mail         |    30 |    33 |     5 ||    68
       Leather armour    |     2 |       |       ||     2
       Chain mail        |       |       |    49 ||    49
Dodge: Dodged            |    62 |    79 |    58 ||   199
Block: Buckler           |       |     1 |    22 ||    23
